[Event "44th Chess Olympiad Open 2022"]
[Site "Chennai"]
[Date "2022.08.07"]
[Round "9.74"]
[White "Mdoe, Yusuf"]
[Black "Forbes, Garry"]
[Result "1/2-1/2"]
[ECO "E91"]
[WhiteElo "1722"]
[BlackElo "1908"]
[Annotator "TA"]
[PlyCount "99"]
[EventDate "2022.07.29"]
[EventType "team-tourn"]
[EventCountry "IND"]
[SourceTitle "playchess.com"]
[Source "ChessBase"]
[SourceQuality "1"]
[WhiteTeam "Tanzania"]
[BlackTeam "Channel Islands"]
[WhiteTeamCountry "TAN"]
[BlackTeamCountry "JCI"]
[TimeControl "40/5400+30:1800+30"]

1. d4 g6 2. c4 Bg7 3. Nc3 d6 4. e4 Nf6 5. Nf3 O-O 6. Be2 Bg4 7. Be3 Nfd7 8. Qd2 c5 9. h4 {[%emt 0:03:28] [#] E91: King's Indian: Classical: 6 Be2, unusual replies including 6...c5 and 6...Bg4.} ({Better is} 9. d5 $1 $14) 9... Nc6 $146 ({Predecessor:} 9... Bxf3 10. Bxf3 Nc6 11. d5 Nd4 12. h5 Nxf3+ 13. gxf3 Ne5 14. Qe2 Qb6 15. b3 Nxf3+ 16. Qxf3 Bxc3+ {1-0 (26) Jankovic,A (2543)-Kerigan,D (2205) Kavala 2012}) 10. d5 Bxf3 11. dxc6 Bxe2 (11... Bxg2 12. Rg1 $16) 12. cxb7 {[%emt 0:01:47] [#]} Rb8 13. Kxe2 Rxb7 14. b3 Qa5 15. Rac1 Rfb8 {[%emt 0:23:36] [#]} (15... h5 $11 {remains equal.}) 16. h5 $1 $16 Nf6 17. hxg6 fxg6 18. Rh3 Rf8 19. Bg5 Rf7 20. f3 (20. e5 $5 dxe5 21. Na4 $14) 20... Rb8 21. Rch1 Rbf8 22. Bxf6 {[%emt 0:01:43] White is more active.} (22. Kd1 $16) 22... Bxf6 $11 23. Nd5 Qxd2+ 24. Kxd2 Bd4 25. a3 e6 26. Nc3 Bxc3+ 27. Kxc3 {[%emt 0:00:41][%mdl 4096] Endgame KRR-KRR} a5 28. Rd1 Rd7 29. Rhh1 e5 30. Rd5 {[%emt 0:01:33] With the idea Rhd1.} Rfd8 31. b4 axb4+ 32. axb4 cxb4+ 33. Kxb4 Rc8 34. Rb5 Rdc7 35. Rc1 Kf7 36. Kb3 h5 37. Rb6 Ke7 38. g3 Rf8 39. Rc3 Rf6 (39... g5 $5 ) 40. Kb4 g5 41. Rd3 (41. Rb8 $11) 41... h4 $15 42. gxh4 gxh4 43. Kc3 {[%emt 0:00:00] [#]} (43. Rd1 $15) 43... Ra7 $1 $17 44. Kb4 (44. Kb2 $17) 44... h3 $19 {[%emt 0:13:17] Strongly threatening ...h2.} 45. f4 $2 (45. Rd2) 45... exf4 $2 (45... Rh6 $19 46. Rd1 h2) 46. Rxh3 $11 {[%emt 0:00:00] The position is equal.} f3 {[%emt 0:00:18] And now ...f2 would win.} 47. e5 dxe5 48. Rxf6 {[%emt 0:00:00][%mdl 64] Remove Defender} Kxf6 49. Rxf3+ Kg5 50. Kb5 {[%emt 0:00:00] Weighted Error Value: White=0.20 (precise) /Black=0.22 (precise)} 1/2-1/2

[Event "44th Chess Olympiad Open 2022"]
[Site "Chennai"]
[Date "2022.08.07"]
[Round "9.75"]
[White "Cheikhna, Mohamed Lemine"]
[Black "Amba Oyon Marius Claude"]
[Result "0-1"]
[ECO "D02"]
[WhiteElo "1899"]
[BlackElo "1938"]
[Annotator "TA"]
[PlyCount "86"]
[EventDate "2022.07.29"]
[EventType "team-tourn"]
[EventCountry "IND"]
[SourceTitle "playchess.com"]
[Source "ChessBase"]
[SourceQuality "1"]
[WhiteTeam "MTN"]
[BlackTeam "CMR"]
[TimeControl "40/5400+30:1800+30"]

1. Nf3 d5 2. d4 Nf6 3. Bf4 g6 4. e3 Bg7 5. Bd3 O-O 6. Nbd2 c5 7. c3 Nc6 8. O-O {[%emt 0:00:17] D02: 1 d4 d5 2 Nf3 sidelines, including 2...Nf6 3 g3 and 2...Nf6 3 Bf4.} Re8 9. h3 ({Don't blunder} 9. dxc5 $2 e5 10. Bg5 e4 $19) 9... Nd7 10. Bc2 {[%emt 0:08:31] The position is equal.} e5 11. dxe5 Ndxe5 12. Nxe5 Nxe5 {[%emt 0:01:17] [#]} 13. Bxe5 $146 ({Predecessor:} 13. Nf3 Nxf3+ 14. Qxf3 Be6 15. Rfd1 Qb6 16. Rab1 Rad8 17. Ba4 Rf8 18. Bb3 d4 19. Bxe6 fxe6 20. cxd4 cxd4 {½-½ (74) Batsiashvili,N (2459)-Shaydullina,S (2033) St Petersburg 2018}) 13... Bxe5 14. Nf3 Bf6 15. Qd2 Qb6 16. Bb3 Bf5 17. Qxd5 Be6 {[%emt 0:17:41] Active counter play! A strong pair of Bishops.} 18. Qd1 Rad8 (18... Red8 $11 19. Qe2 Bxb3 20. axb3 Qxb3) 19. Qc1 (19. Qe2 $16) 19... Bxb3 20. axb3 Qxb3 21. Rxa7 Rd7 22. Ra3 Qb5 23. Qc2 Red8 24. Rfa1 Kg7 25. Ra8 Rd1+ 26. Rxd1 Rxa8 27. b3 ({White should play} 27. g4 $16) 27... Ra3 $14 28. Rb1 Qa6 {[%emt 0:07:14] [#]} 29. c4 $1 Qa5 30. Qd3 Qc7 31. Qd5 Ra8 32. Qe4 Rd8 33. Qf4 Qe7 34. e4 {[%emt 0:01:19] Strongly threatening e5.} Bc3 35. Qe3 Bb4 36. Qf4 ({White should try} 36. Ra1 $16) 36... Rd3 {[%emt 0:00:57] [#]} (36... Bc3 $1 $11 {remains equal.}) 37. Ne5 (37. e5 $1 $16) 37... Bd2 $11 38. Qh2 Rd4 39. Nf3 Qxe4 40. Nxd2 {[%emt 0:00:37][%mdl 8192] [#] This move loses the game for White.} (40. Qe5+ $11 Qxe5 41. Nxe5) 40... Qxb1+ $3 $19 41. Nf1 Qe1 {[%emt 0:30:47] White must now prevent ...Rd1.} 42. g3 Rd1 43. f4 Qxf1# {[%emt 0:00:00] Weighted Error Value: White=0.56/Black=0.19 (very precise)} 0-1

[Event "44th Chess Olympiad Open 2022"]
[Site "Chennai"]
[Date "2022.08.07"]
[Round "9.76"]
[White "Alharthi, Ahmed Mohammed A"]
[Black "Guterres, Cosme"]
[Result "1-0"]
[ECO "D02"]
[WhiteElo "1935"]
[BlackElo "1692"]
[Annotator "TA"]
[PlyCount "101"]
[EventDate "2022.07.29"]
[EventType "team-tourn"]
[EventCountry "IND"]
[SourceTitle "playchess.com"]
[Source "ChessBase"]
[SourceQuality "1"]
[WhiteTeam "KSA"]
[BlackTeam "TLS"]
[TimeControl "40/5400+30:1800+30"]

1. d4 d5 2. Bf4 Nf6 3. e3 c6 4. Nf3 Bg4 5. Bd3 e6 6. O-O {[%emt 0:00:24] D02: 1 d4 d5 2 Nf3 sidelines, including 2...Nf6 3 g3 and 2...Nf6 3 Bf4.} Be7 7. h3 Bh5 8. c4 {[%emt 0:01:15] [#] White is slightly better.} a6 $146 ({Predecessor:} 8... O-O 9. Nbd2 c5 10. Qb3 b6 11. Ne5 dxc4 12. Qxc4 Nd5 13. Bh2 f6 14. Nef3 Nc6 15. dxc5 Bxc5 {0-1 (62) Granat,S-Lehtinen,A (2160) Jyvaskyla 1998}) 9. Qb3 Qc8 10. c5 (10. Nbd2 $16) 10... O-O ({Better is} 10... Bxf3 $11 11. gxf3 Nbd7) 11. Nc3 (11. Nbd2 $14) 11... Nbd7 (11... Bxf3 $11 {should be considered.} 12. gxf3 Nbd7) 12. Nd2 Ne8 13. e4 {[%emt 0:01:25] 0x0.00144f73bfdddp-1022s more active pieces.} Bg6 14. Rfe1 Bd8 15. Qc2 b6 16. cxb6 Bxb6 17. Nf3 Qb7 (17... c5 {seems wilder.} 18. dxc5 Nxc5 19. Ne5 Nxd3 20. Qxd3 Qb7) 18. b4 Rc8 19. Qe2 Ra8 20. e5 Bd8 21. Bd2 Nb6 22. Rab1 Bxd3 23. Qxd3 Nc4 24. Na4 Qc8 25. Rec1 Rb8 {[%emt 0:03:46] White stays focused until the end.} 26. Nc5 Nc7 27. Bf4 Nb5 (27... a5 $14) 28. a4 $36 {[%emt 0:01:17][%mdl 2048] Black is under strong pressure.} Nc7 29. Nd2 Nxd2 (29... a5 $16 {was worth a try.} 30. Nxc4 dxc4 31. Qxc4 Nd5) 30. Bxd2 $18 ({But not} 30. Qxd2 $6 Na8 $16) 30... Be7 31. Rc2 Bxc5 32. Rxc5 ({Less strong is} 32. dxc5 Qe8 $14) 32... Qd7 33. Rbc1 Ne8 $2 {[%emt 0:01:27] [#]} (33... Rb7 34. Rxc6 Ra8) 34. Rxc6 f6 35. Qxa6 fxe5 36. dxe5 Qf7 37. Qe2 Qf5 38. b5 Rd8 39. b6 d4 40. a5 Rd5 41. f4 d3 42. Qg4 Qe4 43. Qxe6+ Kh8 44. Rc8 h6 45. Rxe8 Rxe8 46. Qxe8+ Kh7 47. Qh5 (47. Rc8 $142 Rc5 48. Qg8+ Kg6 49. f5+ Qxf5 50. b7 Qxe5 51. b8=Q Rxc8 52. Qgxc8) 47... Rd4 48. Qf3 (48. f5 $142 Rd8 49. e6 Qa4 50. Qg6+ Kh8 51. Bc3 Rd4 52. b7 Qb4 53. Bxb4 Rd8 54. Rc8 Rg8 55. Rxg8+ Kxg8 56. b8=Q#) 48... Qf5 49. b7 {[%emt 0:00:46] White mates.} Rd8 50. a6 h5 51. a7 {[%emt 0:00:26] Weighted Error Value: White=0.14 (very precise) /Black=0.35} 1-0

[Event "44th Chess Olympiad Open 2022"]
[Site "Chennai"]
[Date "2022.08.07"]
[Round "9.77"]
[White "Nor, Mohamed Ahmed"]
[Black "Khalema, Sechaba"]
[Result "1/2-1/2"]
[ECO "B13"]
[WhiteElo "1907"]
[BlackElo "1790"]
[Annotator "TA"]
[PlyCount "110"]
[EventDate "2022.07.29"]
[EventType "team-tourn"]
[EventCountry "IND"]
[SourceTitle "playchess.com"]
[Source "ChessBase"]
[SourceQuality "1"]
[WhiteTeam "Somalia"]
[BlackTeam "Lesotho"]
[WhiteTeamCountry "SOM"]
[BlackTeamCountry "LES"]
[TimeControl "40/5400+30:1800+30"]

1. e4 c6 2. d4 d5 3. exd5 cxd5 4. Nf3 Nc6 5. c3 Nf6 6. Bd3 Bg4 7. O-O e6 8. Re1 {[%emt 0:00:49] 8.Bf4 is the modern continuation.} Be7 {[%emt 0:00:13] B13: Caro-Kann: Exchange Variation and Panov-Botvinnik Attack.} 9. h3 Bh5 10. Nbd2 O-O {[%emt 0:00:10] The position is equal.} 11. Qc2 Rc8 {[%emt 0:00:13][%cal Oc6b4] [#]} 12. Ne5 $146 {[%emt 0:00:51] [#]} (12. Qd1 $11) ({Predecessor:} 12. a3 a6 13. Qd1 b5 14. Nf1 Qb6 15. Ng3 Bg6 16. Bxg6 hxg6 17. Bf4 a5 18. Qd3 {0-1 (45) Hartung,L (1777)-Hornych,C (2056) Mecklenburg VP 2018}) 12... Nxd4 $1 $17 13. Qa4 Nc6 14. Nxc6 Rxc6 (14... bxc6 $17 15. Qxa7 c5) 15. Qxa7 $15 Bc5 16. Qa4 (16. Qxb7 Qd6 17. Qb5 Rb8 $17) 16... Qd6 {[%emt 0:00:05] Hoping for ...Qg3.} 17. Nf1 {[%emt 0:02:14] Prevents Qg3.} e5 (17... d4 $5 ) 18. Qh4 (18. Bg5 $11) 18... e4 (18... Bg6 $15 19. Bb5 Rcc8) 19. Bb5 $14 Rb6 (19... Rcc8 $1 $11) 20. a4 $1 $16 (20. Bf4 Qe7 21. a4 h6 $14) 20... Qe6 21. Bg5 Bg6 (21... h6 $11 22. Bxf6 Qxf6 23. Qxf6 Rxf6) 22. Rad1 (22. Be3 $16 Qe7 23. Rad1) 22... Qf5 (22... Be7 $14) 23. Be3 Rc8 24. Bd4 Bxd4 25. Rxd4 Rd6 26. Qg3 Qe6 27. Nd2 $2 (27. Ne3 $18) 27... Nh5 $14 28. Qh2 {[%emt 0:01:16] g4 is the strong threat.} Rdd8 $2 (28... f5 $1 $14) 29. g4 $18 Nf6 30. Qg3 $2 (30. f4 $1 $18) 30... h6 (30... h5 $11 {keeps the balance.}) 31. f4 $1 $16 Qd6 (31... Qb6 $16 {keeps fighting.}) 32. Qe3 Bh7 33. Kg2 Kf8 (33... Ne8 $142) 34. Re2 {[%emt 0:01:56] White is more active.} Qe6 35. Nf1 h5 36. g5 (36. f5 $1 $16 Qd6 37. Qg3) 36... Ng8 $14 37. Rf2 (37. Qg3 $1 $14 {stays ahead.}) 37... Ne7 $17 38. c4 Nf5 $36 {[%emt 0:00:10][%mdl 2048] Keeping White busy.} ({Don't play} 38... dxc4 $6 39. Bxc4 Qc6 40. Bb5 $15) 39. Qa3+ Kg8 40. cxd5 Rxd5 (40... Qb6 $1 $17 41. Rd1 Rc5) 41. Rxd5 $11 Qxd5 42. Ne3 $2 (42. Rd2 $11 {and White has nothing to worry.} Nh4+ 43. Kg3 Nf5+ 44. Kg2 Nh4+ 45. Kg3 Nf5+ 46. Kg2) 42... Qe6 $2 (42... Qd4 $19 43. Re2 Rc1) 43. Nxf5 (43. Rd2 $11 Qb6 44. Nd5) 43... Bxf5 $17 44. Qe3 Rd8 45. b3 (45. Be2 $17) 45... Rd1 $19 {[%emt 0:01:30] White must now prevent ...Rb1.} 46. Rf1 $2 {[%emt 0:01:37] [#]} (46. Kh2 $17) 46... Qd6 $2 ({Better is} 46... Bxh3+ $1 $19 47. Qxh3 Rd2+ 48. Kg3 Qxb3+ 49. Kh4 Qc2) 47. Rxd1 $11 Qxd1 {[%emt 0:00:04][%mdl 4096] Endgame KQB-KQB} 48. Be2 ({White should play} 48. Bc4 $15) 48... Qc2 $2 (48... Qe1 $17 {And now ...g6 would win.} 49. b4 g6) 49. Kg3 g6 50. Bc4 $1 Qd1 51. Kf2 Qc2+ (51... Qh1 $5 52. Bd5 h4 $15) 52. Ke1 h4 53. Be2 $2 (53. Qb6 $11) 53... Qc7 $2 (53... Be6 $19 54. Bc4 Bxc4 55. bxc4 Qxc4) 54. Bf1 {[%emt 0:01:08] [#]} (54. Bc4 $1 $11 {remains equal.}) 54... Qc2 (54... Be6 $1 $17 55. Kd2 Qd6+ 56. Kc3 {[#]} Bxb3 $1 57. Kxb3 Qd1+ 58. Kc3 Qxf1) 55. Be2 $19 Qc7 $2 {[%emt 0:04:59] Never resign too early!  Weighted Error Value: White=0.69/Black=0.74} ({Black should try} 55... Be6 $19 56. Bc4 Bxc4 57. bxc4 Qxc4) 1/2-1/2

[Event "44th Chess Olympiad Open 2022"]
[Site "Chennai"]
[Date "2022.08.07"]
[Round "9.79"]
[White "Coulibaly, Abdoulaye"]
[Black "Nxumalo, Vuyo"]
[Result "0-1"]
[ECO "C23"]
[WhiteElo "1936"]
[BlackElo "1493"]
[Annotator "TA"]
[PlyCount "142"]
[EventDate "2022.07.29"]
[EventType "team-tourn"]
[EventCountry "IND"]
[SourceTitle "playchess.com"]
[Source "ChessBase"]
[SourceQuality "1"]
[WhiteTeam "Mali"]
[BlackTeam "SWZ"]
[WhiteTeamCountry "MLI"]
[TimeControl "40/5400+30:1800+30"]

1. e4 e5 2. Bc4 Be7 3. Qh5 g6 4. Qxe5 Nf6 5. d3 O-O 6. Nc3 {[%emt 0:00:27] C23: Bishop's Opening: 2...Bc5.} Nc6 7. Qg3 {[%emt 0:00:55] [#]} (7. Qf4 $16) 7... Nd4 $146 ({Predecessor:} 7... d6 8. Nge2 Ne5 9. Bb3 Nh5 10. Qe3 Be6 11. Nd5 f5 12. O-O fxe4 13. Qxe4 c6 14. Nxe7+ Qxe7 15. Bxe6+ Qxe6 {1-0 (27) Fischer,M (1779)-Baqui,K (1367) Frankfurt 2006}) 8. Bb3 {[%emt 0:00:16] White is slightly better.} Re8 (8... d5 $1 $11) 9. Nge2 $16 Nh5 10. Qe3 Ne6 (10... Nxb3 $16 11. axb3 b6) 11. O-O d6 (11... Nc5 $142 12. f4 c6) 12. Nd5 Bg5 (12... Bh4 $16 13. f4 c6) 13. f4 $18 Bh6 14. Qf2 c6 15. f5 Bxc1 16. fxe6 Bxe6 17. Raxc1 cxd5 18. exd5 Bf5 19. Nd4 Ng7 20. Rce1 Qg5 (20... Rxe1 $16 {is a better defense.} 21. Rxe1 Bd7) 21. h4 Qg4 $2 (21... Qd8 22. Rxe8+ Qxe8) 22. Rxe8+ Rxe8 23. Qf4 $2 (23. c4 $18 {is more deadly. Bd1 is the strong threat.} Qh5 24. Bd1) 23... Qxf4 24. Rxf4 {[%emt 0:00:11] aiming for Nb5.} Nh5 25. Rf2 ({Don't play} 25. Nxf5 $6 Nxf4 26. Nxd6 Rb8 $11) 25... Bd7 26. Kh2 {[%emt 0:01:20] Prevents Ng3.} Kg7 27. Bc4 (27. Re2 $16) 27... a6 28. b4 Re5 (28... Nf6 $11) 29. Nf3 Re3 30. Ng5 (30. Nd2 $14 {should be considered.}) 30... Nf6 $11 31. Rf3 Re2 32. Bb3 h6 33. Nh3 Ng4+ {[%emt 0:01:33][%mdl 1024] Black has compensation.} 34. Kg3 Ne3 35. Nf4 Nf5+ 36. Kh2 Re5 37. g3 Nd4 $36 {[%emt 0:01:24][%mdl 2048] Black has good play.} 38. Rf2 Bg4 39. c3 (39. Ng2 $1 $15) 39... Nf5 $2 {[%emt 0:08:15] Black is more active.} (39... Nf3+ $1 $17 40. Kg2 Re3) 40. Bc2 (40. Ng2 $11 {remains equal.}) 40... Re3 $17 41. Rg2 (41. c4 $17) 41... Bf3 $2 (41... g5 $19 42. hxg5 hxg5) 42. Rf2 $15 Bg4 (42... h5 $17) 43. Rg2 $19 g5 44. hxg5 hxg5 45. Nh3 f6 46. a4 $2 (46. Bb3) 46... Re8 47. Nf2 Bf3 48. g4 (48. Bd1 {was the only defense.} Bxg2 49. Kxg2) 48... Bxg2 49. gxf5 Bxd5 {[%emt 0:00:23][%mdl 4096] Endgame KRB-KBN} 50. Bd1 {[%emt 0:01:54] Prevents Re2.} Re1 51. c4 Bc6 {[%emt 0:02:01] White must now prevent ...Rf1.} 52. b5 Bd7 53. Bf3 axb5 54. axb5 b6 55. Be4 Be8 56. Bc6 Kf7 57. Ne4 $2 (57. Ng4) 57... Ke7 $2 (57... Bxc6 58. bxc6 Re2+ 59. Kh3 Rxe4 $1 60. dxe4 Ke7) 58. Bxe8 {[%emt 0:02:18] [#] Hoping for Bg6.} Kxe8 (58... d5 $1 $19 59. Nc3 dxc4 60. dxc4 Kxe8) 59. Nxf6+ {[%emt 0:00:26] KR-KN} Kf7 60. Ne4 ({White should play} 60. Nd7 $15) 60... g4 $2 ({Black should try} 60... d5 $19 61. cxd5 Rd1 62. Nxg5+ Ke7 63. d6+ Kxd6 64. Ne4+ Ke5) 61. Nxd6+ $15 Kf6 62. c5 $2 (62. Kg3 $11) 62... bxc5 $19 {[%emt 0:00:00] ( -> ...Rd1)} 63. b6 Rb1 {[%emt 0:00:00] Black mates.} 64. b7 Ke5 65. Ne4 Rxb7 66. Nxc5 Rb4 67. Kg3 Kxf5 68. Ne4 Rd4 69. Nf2 Rf4 70. Kg2 Rf3 71. d4 Rf4 {[%emt 0:12:43] Never resign too early!  Weighted Error Value: White=0.53/Black=0.59} 0-1

[Event "44th Chess Olympiad Open 2022"]
[Site "Chennai"]
[Date "2022.08.07"]
[Round "9.80"]
[White "Adeshole Beckley, Brian"]
[Black "Marie, Patrick"]
[Result "1/2-1/2"]
[ECO "E91"]
[WhiteElo "1590"]
[BlackElo "1921"]
[Annotator "TA"]
[PlyCount "99"]
[EventDate "2022.07.29"]
[EventType "team-tourn"]
[EventCountry "IND"]
[SourceTitle "playchess.com"]
[Source "ChessBase"]
[SourceQuality "1"]
[WhiteTeam "SLE"]
[BlackTeam "Mauritius"]
[BlackTeamCountry "MRI"]
[TimeControl "40/5400+30:1800+30"]

1. d4 Nf6 2. c4 g6 3. Nc3 Bg7 4. e4 d6 5. Nf3 O-O 6. Be2 c5 7. d5 Nbd7 8. O-O a6 9. h3 Nb6 {[%emt 0:03:34] E91: King's Indian: Classical: 6 Be2, unusual replies including 6...c5 and 6...Bg4.} 10. Bf4 Bd7 {[%emt 0:02:12] [#]} 11. Qd2 $146 ({Predecessor:} 11. b3 Qc8 12. Kh2 h6 13. Re1 Nh5 14. Be3 Bxc3 {0-1 (14) Yangibayev,N (1153)-Billion,P (1340) LSS email 2010}) 11... Na4 {[%emt 0:03:20] White is better.} 12. Bd3 (12. Nxa4 $16 {And now Nc3 would win.} Bxa4 13. e5 dxe5 14. Nxe5 (14. Bxe5 e6 $14)) 12... Nxc3 13. bxc3 b5 14. e5 Ne8 (14... dxe5 $1 $11 {remains equal.} 15. Nxe5 (15. Bxe5 bxc4 16. Bxc4 Bb5 $11) 15... bxc4) 15. Bh6 {[%emt 0:01:09] White is more active.} bxc4 16. Bxg7 Kxg7 17. Bxc4 Bb5 18. Qe2 Qa5 19. a4 Bxc4 20. Qxc4 Rb8 21. Rfe1 Nc7 22. exd6 exd6 23. Re7 Rfe8 (23... Rbe8 $16 {might work better.} 24. Rae1 h6) 24. Rae1 $18 {[%emt 0:00:15] [#] Ng5 is the strong threat.} Rxe7 25. Rxe7 Re8 $2 (25... Rf8 {is more resistant.} 26. Qe4 c4) 26. Rxe8 $2 ({White has to play} 26. Rd7 $18 Rf8 27. Rxd6) 26... Nxe8 {[%emt 0:00:09][%cal Bc7e8,Be8f6,Bf6d5,Bd5b6,Bb6a4][%mdl 4128] Endgame KQN-KQN} 27. Qb3 Nf6 28. Nd2 {[%emt 0:01:42] Prevents Ne4.} c4 29. Qxc4 Qxd5 30. Qxd5 Nxd5 $11 {[%emt 0:00:02] KN-KN} 31. Ne4 (31. c4 $15 Nc3 32. a5) 31... Nb6 $17 32. Nxd6 Nxa4 33. c4 (33. Ne8+ $17 {keeps fighting.} Kf8 34. Nc7) 33... Nc5 $19 34. Kf1 Kf6 35. Ke2 Ke6 36. Nc8 a5 37. Na7 a4 {[%emt 0:00:48] Threatens to win with ...a3.} 38. Nb5 Ke5 39. Ke3 Ke6 (39... g5 $17 {Strongly threatening ...h5.} 40. g3 Ne6) 40. Kd4 $11 {[%emt 0:00:34] The position is equal.} Nb3+ 41. Kc3 Nc5 42. f3 Kd7 43. Kb4 Kc6 44. Nc3 Nd3+ 45. Kxa4 Ne1 46. Ne4 Nxg2 47. Kb4 Nf4 48. Ng5 f5 49. Nxh7 Nxh3 50. Nf6 {[%emt 0:16:45] Quite a comeback for White.  Weighted Error Value: White=0.31/Black=0.23 (precise)} 1/2-1/2

[Event "44th Chess Olympiad Open 2022"]
[Site "Chennai"]
[Date "2022.08.07"]
[Round "9.81"]
[White "Volpinari, Danilo"]
[Black "Nevska, Gerda"]
[Result "0-1"]
[ECO "D00"]
[WhiteElo "1955"]
[BlackElo "1840"]
[Annotator "TA"]
[PlyCount "114"]
[EventDate "2022.07.29"]
[EventType "team-tourn"]
[EventCountry "IND"]
[SourceTitle "playchess.com"]
[Source "ChessBase"]
[SourceQuality "1"]
[WhiteTeam "San Marino"]
[BlackTeam "Channel Islands"]
[WhiteTeamCountry "SMR"]
[BlackTeamCountry "GCI"]
[TimeControl "40/5400+30:1800+30"]

1. d4 Nf6 2. Nc3 d5 3. Bf4 Bf5 4. e3 a6 5. f3 Nc6 6. g4 {[%emt 0:02:42] D00: 1 d4 d5: Unusual lines.} Bg6 7. h4 {[%emt 0:01:38] [#] aiming for h5.} h5 $146 ({Predecessor:} 7... h6 8. Bd3 Bxd3 9. Qxd3 e6 10. O-O-O Bd6 11. Nge2 Qe7 12. g5 Bxf4 13. gxf6 Bxe3+ 14. Qxe3 Qxf6 15. Nxd5 {1-0 (26) Pac,M (1033)-Braschler,D (1046) Willingen 2022}) 8. g5 {[%emt 0:03:14] White is slightly better.} Nd7 (8... Ng8 $14) 9. Nxd5 $16 e5 10. Bg3 Nb4 (10... Bd6 $142) 11. Nxb4 Bxb4+ 12. c3 Bd6 13. Bh3 f6 14. gxf6 gxf6 15. Ne2 (15. Qb3 Bf7 16. Be6 (16. Qxb7 Rb8 $14) 16... Qe7 17. Bxf7+ (17. Qxb7 Rb8 $11) 17... Qxf7 $16) 15... Qe7 16. e4 O-O-O 17. Qb3 (17. Qc2 $16) 17... Kb8 $14 18. O-O-O Bf7 (18... Nb6 $1 $14) 19. Qc2 Rhg8 (19... exd4 $142 20. Bxd6 (20. cxd4 Bxg3 21. Nxg3 Bxa2 $14) (20. Rxd4 Ne5 $11) 20... Qxd6) 20. Rhg1 Nb6 21. b3 Bg6 22. Bf2 Bf7 23. Be3 (23. Ng3 $142) 23... Be6 24. Bf1 (24. Bxe6 $16 Qxe6 25. Qd3) 24... Rxg1 25. Bxg1 Qf7 (25... f5 $1 $11) 26. d5 Bd7 27. c4 {[%emt 0:00:23][%cal Bc3c4,Bc4c5][%mdl 32] Strongly threatening c5.} Ba3+ 28. Kb1 a5 (28... Nc8 {keeps fighting.} 29. Qc3 Bf8) 29. c5 $18 Nc8 30. c6 Be8 31. cxb7 Kxb7 32. Nc3 Nd6 33. Qd3 {[%emt 0:01:51] Threatening mate with Qa6+.} (33. Qf2 Ra8 34. Qc2 Bd7 $18) 33... Ra8 {[%emt 0:00:11] Prevents Qa6+.} 34. Rd2 Bb4 (34... f5 $142 35. exf5 Bd7) 35. Rc2 f5 36. Rc1 Bxc3 (36... Ba3 $16) 37. Qxc3 (37. Rxc3 Bb5 38. Qd1 Bxf1 39. Qxf1 fxe4 $11) 37... fxe4 38. fxe4 ({Less strong is} 38. Qxe5 exf3 39. Qc3 f2 $14) 38... Nxe4 39. Qxe5 (39. Qc2 $18 Nd6 40. Bh2) 39... Nd2+ $14 40. Kb2 {[%emt 0:00:32] Hoping for Bg2.} Nxf1 41. Qe1 $2 (41. d6 $14 {stays ahead.} cxd6 42. Qxd6) 41... Qg7+ $19 ({Weaker is} 41... Qxd5 42. Qxf1 a4 43. Qf4 $11) 42. Ka3 $2 (42. Qc3 {nothing else works.} Qxc3+ 43. Rxc3) 42... Qxg1 43. d6 Bc6 {[%emt 0:03:25] Against Qe4} 44. Qe7 {[%emt 0:02:39] [#]} (44. dxc7 Qg7 45. Qxf1 Qxc7 46. Qc4) 44... Qb6 $1 {[%emt 0:03:10] Black is clearly winning.} 45. Rxf1 (45. d7 Qb4+) 45... Qb4+ 46. Kb2 Qd4+ 47. Ka3 Qxd6+ (47... Qc5+ $142 48. Kb2 Re8 49. Qxc7+ Ka6) 48. Qxd6 cxd6 {[%emt 0:00:07][%mdl 4096] Endgame KRB-KR} 49. Rf5 Be8 50. Kb2 a4 51. bxa4 Rxa4 52. Rf8 Bd7 53. Rf6 Kc7 54. Rh6 Rxh4 55. a3 Rh3 56. Rh7 Kc6 57. Rh8 Be6 {[%emt 0:00:19] Weighted Error Value: White=0.83/Black=0.52} 0-1